AoeStats
← HuNTeR <3<3<3 Chipdi

Arena

507944675Analyzed
1v1 RM · 11d ago on Sep 20, 2026· 34m 15s· 2 players
Game mode
Random Map
Map size
Tiny (2 player)
Population
200
Speed
Normal
Resources
Standard
Victory
Conquest
Starting age
Dark Age
Ending age
Imperial Age
RankedLock teamsTeams togetherTeam positionsShared explorationLock speedFull tech treeHidden civsTurbo modeCheats
Victory
Defeat
🇩🇪 Turks · Germany
1110
+16
1112
-16
NihilB
11:15 Feudal Age
14:14 Loom
17:00 Castle Age
15:14 Double-Bit Axe
15:45 Horse Collar
21:48 Imperial Age
19:54 Padded Archer Armor
21:03 Leather Archer Armor
21:05 Bow Saw
20:57 Gold Mining
22:09 Heavy Plow
23:20 Town Watch
26:18 Wheelbarrow
HuNTeR <3<3<3 Chipdi
0:27 Loom
12:14 Feudal Age
16:59 Castle Age
15:53 Double-Bit Axe
19:13 Horse Collar
21:28 Forging
22:57 Scale Barding Armor
23:01 Gold Mining
25:44 Wheelbarrow
27:00 Gold Shaft Mining
27:47 Chain Barding Armor
28:09 Iron Casting
28:30 Hand Cart
28:18 Fletching
28:29 Scale Mail Armor
28:29 Padded Archer Armor
32:25 Thumb Ring
32:50 Stone Mining
33:03 Heavy Plow
Connection lost

Rejoining the realm…

Still unreachable

The connection could not be restored.

Session expired

The server has moved on; the page needs a fresh start.